Map: Ascension to Aiur LE

Players

Harstem - Winner!

  • Race: Protoss Protoss
  • League: Master
  • Spawn Location: 11:00

AxImpact (Impact)

  • Race: Zerg Zerg
  • League: Diamond
  • Spawn Location: 5:00

Event: HomeStory Cup XVI

VOD

Have the link to the VOD?

Description

Time

  • Played on: Nov. 11, 2017, 5:50 p.m.
  • Length: 11:42

All games in this series

Show
View Real Time Build Order
Export as new Build Order

Harstem Protoss - Winner!

Build Orders: 1 Gate Expand, Oracle Opening 

Get SALT Encoding   

  12  0:00  Probe (Chrono Boost)  
  12  0:06  Probe (Chrono Boost)  
  14  0:19  Pylon  
  14  0:23  Probe (Chrono Boost)  
  15  0:39  Probe (Chrono Boost)  
  15  0:40  Gateway  
  16  0:49  Assimilator  
  17  0:51  Probe (Chrono Boost)  
  17  1:00  Probe (Chrono Boost)  
  18  1:06  Probe (Chrono Boost)  
  19  1:17  Probe (Chrono Boost)  
  20  1:23  Nexus  
  20  1:33  Cybernetics Core  
  20  1:37  Probe (Chrono Boost)  
  21  1:43  Assimilator  
  21  1:50  Probe (Chrono Boost), Pylon  
  23  2:02  Probe (Chrono Boost)  
  23  2:10  Probe (Chrono Boost)  
  23  2:11  Stargate  
  23  2:15  Adept  
  26  2:16  Probe (Chrono Boost)  
  27  2:25  Warp Gate  
  27  2:28  Probe (Chrono Boost)  
  29  2:37  Probe (Chrono Boost)  
  29  2:43  Probe (Chrono Boost)  
  32  2:44  Oracle  
  32  2:49  Probe (Chrono Boost)  
  33  2:55  Probe (Chrono Boost)  
  37  3:01  Stalker, Probe (Chrono Boost)  
  37  3:04  Pylon  
  38  3:07  Probe (Chrono Boost)  
  40  3:13  Probe (Chrono Boost)  
  41  3:20  Gateway, Probe x2 (Chrono Boost)  
  42  3:29  Probe (Chrono Boost)  
  42  3:31  Adept  
  42  3:32  Gateway, Probe (Chrono Boost)  
  46  3:36  Oracle  
  50  3:41  Probe (Chrono Boost)  
  50  3:42  Pylon  
  50  3:45  Probe (Chrono Boost)  
  51  3:53  Probe (Chrono Boost)  
  52  3:57  Probe (Chrono Boost)  
  53  4:05  Probe (Chrono Boost)  
  53  4:09  Pylon  
  54  4:14  Nexus  
  54  4:15  Probe (Chrono Boost)  
  55  4:18  Pylon  
  55  4:20  Forge  
  55  4:21  Probe (Chrono Boost)  
  56  4:28  Twilight Council  
  56  4:29  Probe (Chrono Boost)  
  57  4:31  Sentry  
  57  4:32  Assimilator  
  57  4:33  Sentry  
  57  4:36  Probe (Chrono Boost)  
  57  4:37  Assimilator  
  62  4:41  Probe (Chrono Boost)  
  62  4:45  Protoss Ground Weapons Level 1  
  63  4:48  Shield Battery, Probe (Chrono Boost)  
  63  4:50  Gateway  
  63  4:51  Gateway  
  63  4:52  Sentry  
  67  4:54  Probe (Chrono Boost)  
  67  4:58  Blink  
  68  5:00  Probe (Chrono Boost)  
  68  5:06  Probe (Chrono Boost)  
  69  5:12  Probe (Chrono Boost)  
  70  5:16  Assimilator  
  70  5:18  Probe (Chrono Boost)  
  71  5:22  Gateway  
  71  5:24  Probe (Chrono Boost)  
  71  5:27  Pylon  
  71  5:28  Gateway, Probe (Chrono Boost)  
  74  5:36  Sentry  
  74  5:37  Probe (Chrono Boost)  
  74  5:39  Probe (Chrono Boost)  
  77  5:45  Robotics Facility  
  77  5:46  Pylon  
  77  5:48  Sentry  
  80  5:50  Photon Cannon  
  80  5:51  Probe (Chrono Boost)  
  80  5:53  Probe (Chrono Boost)  
  80  5:54  Shield Battery  
  80  5:55  Probe (Chrono Boost)  
  82  5:57  Sentry  
  82  6:01  Probe (Chrono Boost)  
  82  6:02  Probe (Chrono Boost)  
  86  6:07  Probe x2 (Chrono Boost)  
  86  6:08  Probe (Chrono Boost)  
  87  6:11  Pylon  
  87  6:14  Stalker x2  
  87  6:17  Probe (Chrono Boost)  
  95  6:18  Shield Battery  
  95  6:19  Probe x2 (Chrono Boost)  
  95  6:24  Assimilator  
  95  6:25  Protoss Ground Weapons Level 2  
  96  6:26  Pylon  
  96  6:30  Probe (Chrono Boost), Pylon  
  97  6:33  Robotics Bay  
  97  6:34  Stalker x2  
  97  6:38  Stalker  
  103  6:46  Immortal  
  103  6:49  Stalker x2  
  107  7:00  Stalker, Probe (Chrono Boost), Pylon  
  114  7:06  Colossus  
  115  7:10  Stalker x4  
  115  7:14  Pylon  
  122  7:16  Shield Battery  
  122  7:19  Pylon  
  120  7:29  Pylon  
  126  7:30  Stalker x2  
  130  7:40  Stalker x2  
  130  7:42  Charge  
  134  7:51  Colossus  
  134  7:54  Stalker x4  
  134  7:55  Zealot  
  135  8:11  Zealot x2  
  137  8:19  Probe (Chrono Boost)  
  138  8:21  Extended Thermal Lance  
  138  8:24  Probe (Chrono Boost)  
  138  8:25  Photon Cannon, Shield Battery  
  140  8:27  Shield Battery  
  139  8:35  Warp Prism  
  139  8:38  Stalker  
  141  8:41  Nexus  
  141  8:43  Stalker x4  
  141  8:44  Sentry  
  153  8:59  Colossus  
  153  9:02  Pylon  
  153  9:14  Templar Archives  
  153  9:15  Zealot  
  153  9:16  Zealot x2  
  165  9:18  Pylon  
  165  9:21  Pylon  
  164  9:26  Pylon  
  164  9:30  Nexus  
  163  9:41  Nexus  
  163  9:42  Pylon  
  163  9:43  Pylon  
  163  9:48  Zealot x2  
  163  9:49  Zealot x5  
  163  9:52  Psionic Storm  
  177  9:53  Colossus  
  183  10:01  Pylon  
  173  10:08  Zealot x2  
  173  10:09  Zealot  
  179  10:20  High Templar x4  
  183  10:22  Pylon  
  183  10:27  Nexus  
  173  10:30  Photon Cannon  
  173  10:31  High Templar x2, Shield Battery  
  175  10:42  Shield Battery  
  175  10:44  Shield Battery  
  175  10:45  Shield Battery  
  175  10:47  Shield Battery x2  
  175  10:48  High Templar, Shield Battery  
  177  10:58  High Templar, Pylon  
  177  10:59  High Templar, Stalker  
  177  11:03  Archon  
  181  11:05  Assimilator  
  181  11:11  Zealot x2  
  181  11:13  Zealot  
  179  11:28  Assimilator  
  150  11:34  Zealot x7, Shield Battery  
Show
View Real Time Build Order
Export as new Build Order

AxImpact Zerg 

Build Orders: Hatch First 

Get SALT Encoding   

  12  0:00  Drone  
  13  0:12  Overlord  
  13  0:16  Drone  
  14  0:30  Drone x2  
  14  0:34  Drone  
  17  0:51  Hatchery  
  17  0:56  Drone  
  17  0:58  Drone  
  18  1:05  Extractor  
  18  1:06  Drone  
  18  1:17  Spawning Pool  
  17  1:21  Drone  
  18  1:27  Drone  
  19  1:38  Drone  
  20  1:49  Drone  
  20  1:51  Hatchery  
  20  1:59  Drone  
  21  2:03  Drone  
  21  2:06  Metabolic Boost  
  22  2:11  Drone  
  23  2:18  Queen  
  25  2:22  Overlord  
  25  2:25  Zergling x2  
  25  2:28  Drone  
  27  2:31  Drone  
  28  2:40  Queen  
  28  2:42  Drone  
  28  2:43  Drone  
  32  2:49  Drone  
  33  2:54  Drone  
  34  2:58  Drone  
  34  3:04  Queen, Drone  
  34  3:05  Drone  
  39  3:12  Overlord  
  39  3:15  Drone  
  39  3:17  Drone  
  39  3:19  Drone  
  42  3:20  Spore Crawler  
  42  3:21  Spore Crawler x2  
  42  3:25  Drone  
  42  3:26  Drone x2  
  42  3:29  Overlord  
  42  3:32  Drone x2  
  44  3:36  Drone  
  44  3:37  Drone  
  46  3:43  Lair  
  46  3:46  Drone  
  46  3:47  Extractor x2  
  46  3:48  Drone  
  46  3:49  Drone  
  46  3:51  Drone  
  46  3:53  Drone  
  49  3:56  Drone  
  50  4:04  Overlord  
  50  4:07  Overlord  
  50  4:15  Overlord  
  50  4:23  Drone  
  51  4:24  Drone  
  51  4:25  Drone x6  
  51  4:28  Extractor, Drone x4  
  61  4:31  Overlord x2  
  61  4:42  Hydralisk Den, Overseer  
  60  4:46  Drone x5  
  60  4:52  Extractor, Drone  
  65  4:53  Drone  
  65  4:56  Drone x4  
  70  5:06  Pneumatized Carapace  
  70  5:12  Drone  
  70  5:13  Drone x2  
  71  5:15  Hydralisk  
  71  5:16  Hydralisk x5  
  71  5:17  Muscular Augments  
  71  5:20  Hydralisk  
  85  5:26  Overlord x3  
  85  5:28  Overlord  
  85  5:31  Hydralisk  
  85  5:33  Drone x2  
  85  5:34  Drone  
  87  5:38  Hydralisk  
  89  5:44  Drone  
  89  5:48  Hydralisk x2  
  94  5:51  Overseer  
  94  5:52  Hatchery  
  94  5:53  Hydralisk  
  94  5:54  Hydralisk  
  97  5:58  Zergling x6  
  97  5:59  Zergling x2  
  97  6:03  Drone  
  102  6:05  Evolution Chamber  
  102  6:08  Hydralisk x2  
  105  6:11  Hydralisk  
  105  6:12  Hydralisk  
  105  6:15  Overlord  
  105  6:16  Overlord  
  109  6:19  Hydralisk  
  109  6:21  Hydralisk  
  109  6:25  Overlord x2  
  113  6:33  Hydralisk x3  
  113  6:35  Hydralisk  
  113  6:37  Zerg Missile Weapons Level 1  
  113  6:39  Hydralisk  
  123  6:43  Hydralisk  
  123  6:45  Overlord  
  123  6:46  Hydralisk  
  127  6:51  Hydralisk  
  129  6:54  Hydralisk  
  129  6:57  Hydralisk  
  129  6:58  Overlord x2  
  129  7:00  Hydralisk  
  135  7:05  Hydralisk  
  135  7:06  Zergling x2  
  135  7:07  Zergling x6  
  139  7:08  Zergling x2  
  139  7:09  Zergling x4  
  139  7:10  Zergling x2  
  139  7:12  Zergling x2  
  144  7:18  Extractor  
  144  7:20  Spire  
  144  7:21  Drone x4  
  144  7:22  Zergling x2  
  147  7:27  Zergling x8  
  151  7:35  Zergling x4  
  153  7:39  Zergling x6  
  153  7:41  Zergling x12  
  160  7:46  Zergling x2  
  161  7:54  Overlord x3  
  161  7:55  Hydralisk x2  
  156  8:00  Hydralisk, Zergling x4  
  156  8:05  Hydralisk, Zergling x2  
  146  8:06  Hydralisk  
  146  8:07  Zergling x2  
  146  8:10  Hydralisk, Drone  
  146  8:12  Baneling Nest  
  138  8:13  Hydralisk  
  138  8:15  Hydralisk, Zergling x2  
  138  8:18  Hydralisk  
  138  8:19  Zergling x2  
  140  8:23  Drone x2  
  142  8:27  Hydralisk  
  142  8:32  Overlord x3  
  144  8:34  Zerg Missile Weapons Level 2  
  144  8:42  Corruptor x2  
  144  8:45  Corruptor  
  150  8:49  Corruptor  
  150  8:52  Corruptor  
  154  8:56  Corruptor  
  154  8:59  Corruptor  
  154  9:01  Zergling x2  
  154  9:02  Zergling x2  
  160  9:03  Zergling x2  
  160  9:05  Hydralisk  
  160  9:07  Zergling x2  
  160  9:09  Hydralisk  
  163  9:10  Zergling x2  
  163  9:14  Hydralisk  
  163  9:15  Zergling x4  
  170  9:18  Hydralisk  
  170  9:21  Hydralisk  
  170  9:22  Zergling x4  
  172  9:29  Zergling x6  
  172  9:30  Roach Warren  
  174  9:31  Hydralisk  
  174  9:35  Overlord  
  174  9:37  Overlord  
  169  9:38  Hydralisk  
  169  9:41  Centrifical Hooks  
  168  9:46  Drone x2  
  168  9:51  Drone x4  
  168  9:52  Drone  
  175  9:54  Zergling x2  
  175  9:55  Zergling x4  
  175  9:59  Zergling x10  
  183  10:01  Zergling x2  
  183  10:05  Zergling x4  
  186  10:08  Zergling x2  
  186  10:09  Zergling x4  
  186  10:11  Glial Reconstitution  
  188  10:17  Drone  
  188  10:18  Drone x2  
  183  10:26  Drone x2  
  178  10:29  Hatchery  
  178  10:30  Zergling x2  
  178  10:31  Zergling x10  
  178  10:34  Zergling x10  
  188  10:41  Zergling x2  
  188  10:42  Zergling x4  
  191  10:49  Baneling  
  191  10:50  Baneling x20  
  191  10:53  Zergling x2  
  191  10:58  Zergling x2  
  191  11:00  Overlord  
  191  11:03  Baneling x9  
Tags
 
Add a new tag
Caveats
  • Supply blocks, unpowered buildings, or Contaminate may cause inaccurate times.
  • Supply counts are checked every 10 seconds.